 Dungeon Crawl Stone Soup version 0.16.2-12-gd0ad4c3 (webtiles) character file.

8271 HANFGEIST the Nimble (level 11, -7/53 HPs)
             Began as a Spriggan Air Elementalist on Oct 2, 2015.
             Was a Priest of Nemelex Xobeh.
             Mangled by an orc knight
             ... wielding a +0 war axe
              (21 damage)
             ... in a bailey.
             The game lasted 01:19:53 (9207 turns).

HANFGEIST the Nimble (Spriggan Air Elementalist)    Turns: 9207, Time: 01:19:54

Health: -7/53      AC:  4    Str:  3    XL:     11   Next: 7%
Magic:  0/28       EV: 29    Int: 21    God:    Nemelex Xobeh [***...]
Gold:   882        SH:  0    Dex: 17    Spells: 5 memorised, 4 levels left

rFire  x . .     SeeInvis +     M - +4 flail (drain)
rCold  + . .     Clarity  .     y - +2 robe {MR+}
rNeg   . . .     SustAb   .     (shield restricted)
rPois  .         Gourm    .     (helmet restricted)
rElec  .         Spirit   +     (no cloak)
rCorr  .         Warding  .     (gloves unavailable)
rMut   .         Stasis   .     (boots unavailable)
MR     ++...                    z - amulet of guardian spirit
Stlth  +++.......               N - ring of ice
                                e - ring of wizardry

@: exhausted, very slightly contaminated, hasted and slowed, repel missiles,
very quick, very resistant to hostile enchantments, fairly stealthy
A: unfitting armour, see invisible, herbivore 3, speed 3, slow metabolism 2,
placid magic 1
a: Triple Draw, Renounce Religion


You were in a bailey.
You worshipped Nemelex Xobeh.
Nemelex Xobeh was most pleased with you.
You were not hungry.

You visited 2 branches of the dungeon, and saw 11 of its levels.
You also visited: Ossuary and Bailey.

You collected 882 gold pieces.

Inventory:

Hand weapons
 D - a +0 blowgun
 H - a +0 rapier
 M - a +4 flail of draining (weapon)
 U - a +0 shortbow
Armour
 y - a +2 robe of magic resistance (worn)
 G - a +2 robe of cold resistance
 J - a +0 robe of fire resistance
Jewellery
 e - a ring of wizardry (left hand)
 z - an amulet of guardian spirit (around neck)
 N - a ring of ice (right hand)
Magical devices
 s - a wand of digging (12)
 t - a wand of invisibility (1)
 F - a wand of slowing (15)
 Q - a wand of polymorph (0)
 R - a wand of digging (14)
 T - a wand of disintegration (0)
Scrolls
 d - 3 scrolls of amnesia
 f - 3 scrolls of enchant armour
 g - a scroll of recharging {unknown}
 m - a scroll of acquirement {unknown}
 p - 3 scrolls of remove curse
 q - 2 scrolls of enchant weapon
 v - a scroll of noise
 w - 7 scrolls of teleportation
 A - 2 scrolls of fear
 C - 2 scrolls of magic mapping
Potions
 h - 4 potions of flight
 i - a potion of invisibility {unknown}
 j - 4 potions of curing
 k - a potion of might {unknown}
 l - 2 potions of cancellation
 n - a potion of beneficial mutation {unknown}
 o - a potion of agility {unknown}
 r - a potion of poison {unknown}
 u - 2 potions of restore abilities
 x - 3 potions of heal wounds
 B - a potion of degeneration {unknown}
 E - a potion of brilliance
 I - 2 potions of haste
 K - a potion of cure mutation {unknown}
 O - a potion of decay {unknown}
Books
 a - the Guide on the Feathery Frostbite
   (You found it on level 8 of the Dungeon)

   Spells                             Type                      Level
   a - Swiftness                      Charms/Air                   2
   b - Ensorcelled Hibernation        Hexes/Ice                    2
   c - Ice Form                       Ice/Transmutation            4
   d - Freezing Cloud                 Conjuration/Ice/Air          6
   e - Simulacrum                     Ice/Necromancy               6
 b - a book of Air

   Spells                             Type                      Level
   a - Shock                          Conjuration/Air              1
   b - Swiftness                      Charms/Air                   2
   c - Repel Missiles                 Charms/Air                   2
   d - Flight                         Charms/Air                   3
   e - Static Discharge               Conjuration/Air              3
   f - Lightning Bolt                 Conjuration/Air              5
Comestibles
 c - 4 bread rations


   Skills:
 + Level 4.3 Fighting
 - Level 3.7 Short Blades
 * Level 13.3 Dodging
 - Level 4.1 Stealth
 - Level 2.6 Spellcasting
 + Level 4.7 Conjurations
 - Level 2.5 Hexes
 + Level 3.2 Ice Magic
 - Level 6.4 Air Magic
 + Level 10.5 Evocations


You had 4 spell levels left.
You knew the following spells:

 Your Spells              Type           Power        Failure   Level  Hunger
a - Shock                 Conj/Air       ###.         1%          1    None
b - Repel Missiles        Chrm/Air       ##....       1%          2    ##.....
c - Flight                Chrm/Air       ##........   2%          3    ###....
d - Static Discharge      Conj/Air       ###.....     1%          3    ###....
e - Ensorcelled Hibernat  Hex/Ice        ##....       1%          2    ##.....


Dungeon Overview and Level Annotations

Branches:
Dungeon (10/15)            Temple (1/1) D:5             Orc (0/4) D:10
   Lair: D:8-11

Altars:
Ashenzari
Cheibriados
Dithmenos
Elyvilon
Gozag
Kikubaaqudgha
Makhleb
Nemelex Xobeh
Okawaru
Qazlal
Ru
Vehumet
Xom
The Shining One

Annotations:
D:4 Musteatbrain's ghost, experienced HOFi


Innate Abilities, Weirdness & Mutations

You are tiny and cannot use many weapons and most armour.
You have supernaturally acute eyesight.
You are a herbivore.
You cover ground extremely quickly.
You need consume almost no food.
Your spells are a little easier to cast, but a little less powerful.


Message History

The orc knight barely misses you.
The orc knight roars a battlecry!
The orc knight goes into a battle-frenzy!
The orc knight completely misses you.
You closely miss the orc knight.
The orc knight is severely wounded.
You barely miss the orc knight.
The orc knight is severely wounded.
The orc knight completely misses you.
You closely miss the orc knight.
The orc knight is severely wounded.
The orc knight closely misses you.
You barely miss the orc knight.
The orc knight is severely wounded.
You are no longer berserk.
You are exhausted.
You feel yourself slow down.
The orc knight hits you with a war axe!!
You die...
Your body disappears without a glow.

.........### ♣♣♣♣♣♣
#)#.### ♣♣..♣.♣
###.....###♣♣.....♣ .
##..)).)...##......♣♣♣ .
#...........#....))).♣
..
#.......))..'.......♣♣
.g
#.....⌠.....'..∩.∩).♣♣
..
#.......))..)..).....♣ .
#....).o@...#........♣ .
###....)o..)##.......♣♣
###.###.....###♣♣.....♣♣
## ###..)..#)#.###
♣♣♣♣♣.♣ .###......)))###
♣♣♣ ..#....(...)..#
..#...........#
).#)....⌠.....#
))))..........#


You could see 2 orc knights.

Vanquished Creatures
  The ghost of Peloso the Carver, a powerful MiFi of Okawaru (D:9)
  The ghost of Musteatbrain the Destroyer, an experienced DsWz of Vehumet (D:6)
  A hill giant (D:10)
  2 orc knights (Bailey)
  A centaur zombie (D:10)
  A troll (D:10)
  Grinder (D:6)
  Edmund (D:9)
  A soldier ant (D:9)
  10 orc warriors
  3 sky beasts
  2 black bears (D:7)
  2 phantoms
  2 centaurs
  4 ogres
  Sigmund (D:6)
  A giant frog (D:8)
  2 jellies
  A scorpion (D:4)
  6 killer bees (D:7)
  5 wights (D:8)
  A giant frog zombie (D:7)
  2 crimson imps
  4 hounds
  A human zombie (Ossuary)
  An orc priest (D:8)
  9 worker ants
  A centaur skeleton (D:8)
  2 iguanas
  4 orc wizards
  A sheep (D:9)
  A big kobold zombie (Ossuary)
  2 mummies (Ossuary)
  Terence (D:3)
  17 gnolls
  10 adders
  3 giant mites
  3 shadow imps
  4 worms
  2 oozes
  25 orcs
  4 giant cockroaches
  4 gnoll zombies (Ossuary)
  34 hobgoblins
  6 jackals
  4 quokkas
  12 bats
  4 giant geckos
  7 giant newts
  23 goblins
  2 goblin zombies (Ossuary)
  5 hobgoblin zombies (Ossuary)
  19 kobolds
  An orc zombie (Ossuary)
  A quokka skeleton (D:5)
  15 rats
284 creatures vanquished.

Vanquished Creatures (collateral kills)
  The ghost of Musteatbrain the Severer, an experienced HOFi of Beogh (D:8)
  A steam dragon (D:6)
  A water moccasin (D:5)
  An orc warrior (D:6)
  A centaur (D:6)
  An ogre (D:6)
  A wight (D:6)
  3 worker ants (D:6)
  An iguana (D:6)
  2 adders (D:6)
  An adder skeleton (D:9)
  A bat (D:6)
  A hobgoblin (D:6)
  A goblin (D:6)
  A kobold (D:6)
  A rat (D:6)
19 creatures vanquished.

Vanquished Creatures (others)
  A rat (D:6)
1 creature vanquished.

Grand Total: 304 creatures vanquished

Notes
Turn   | Place    | Note
--------------------------------------------------------------
     0 | D:1      | HANFGEIST, the Spriggan Air Elementalist, began the quest for the Orb.
     0 | D:1      | Reached XP level 1. HP: 9/9 MP: 4/4
   280 | D:1      | Reached XP level 2. HP: 8/13 MP: 1/7
   558 | D:1      | Reached skill level 4 in Dodging
   590 | D:1      | Reached XP level 3. HP: 9/16 MP: 2/9
  1394 | D:2      | Reached skill level 1 in Conjurations
  1394 | D:2      | Reached XP level 4. HP: 21/21 MP: 0/12
  1420 | D:2      | Found a stormy altar of Qazlal.
  1594 | D:2      | Reached skill level 5 in Dodging
  1599 | D:2      | Learned a level 2 spell: Repel Missiles
  1657 | D:2      | Learned a level 3 spell: Flight
  1987 | D:3      | Found an iron altar of Okawaru.
  2007 | D:3      | Reached XP level 5. HP: 13/24 MP: 4/14
  2034 | D:3      | Found a shadowy altar of Dithmenos.
  2123 | D:3      | Noticed Terence
  2276 | D:3      | Killed Terence
  2707 | D:4      | Noticed Musteatbrain's ghost (experienced HOFi)
  2732 | D:4      | Reached skill level 6 in Dodging
  2833 | D:4      | Reached XP level 6. HP: 21/28 MP: 6/17
  3381 | D:4      | Reached skill level 7 in Dodging
  3813 | D:5      | Entered Level 5 of the Dungeon
  3858 | D:5      | Found a staircase to the Ecumenical Temple.
  3877 | Temple   | Entered the Ecumenical Temple
  3889 | Temple   | Became a worshipper of Nemelex Xobeh the Trickster
  3903 | D:5      | Received a gift from Nemelex Xobeh
  3946 | D:5      | Reached skill level 1 in Evocations
  3959 | D:5      | Found a sand-covered staircase.
  3965 | Ossuary  | Entered an ossuary
  4129 | Ossuary  | Reached XP level 7. HP: 25/32 MP: 4/19
  4130 | Ossuary  | Reached skill level 5 in Air Magic
  4339 | D:5      | Reached skill level 1 in Fighting
  4488 | D:5      | Received a gift from Nemelex Xobeh
  4490 | D:5      | Noticed a water moccasin
  4499 | D:5      | Killed a water moccasin
  4499 | D:5      | Reached skill level 8 in Dodging
  4590 | D:5      | Reached skill level 1 in Short Blades
  4693 | D:5      | You fall through a shaft!
  4700 | D:6      | Noticed Grinder
  4729 | D:5      | Learned a level 3 spell: Static Discharge
  4945 | D:6      | Received a gift from Nemelex Xobeh
  4990 | D:6      | Killed Grinder
  4990 | D:6      | Reached XP level 8. HP: 37/37 MP: 18/20
  5198 | D:6      | Reached skill level 5 in Evocations
  5384 | D:6      | Noticed Sigmund
  5395 | D:6      | Killed Sigmund
  5418 | D:6      | Noticed Musteatbrain's ghost (experienced DsWz)
  5482 | D:6      | Reached skill level 9 in Dodging
  5484 | D:6      | Noticed Blork the orc
  5486 | D:6      | Noticed Blork
  5486 | D:6      | Blork the orc changed into Blork the worker ant
  5489 | D:6      | Killed Blork the worker ant
  5665 | D:6      | Killed Musteatbrain's ghost
  5665 | D:6      | Reached XP level 9. HP: 38/43 MP: 21/23
  5858 | D:7      | Found a shimmering altar of Xom.
  5895 | D:7      | Found a shattered altar of Ashenzari.
  6170 | D:7      | Reached skill level 10 in Dodging
  6255 | D:7      | Found a burning altar of Makhleb.
  6516 | D:8      | Noticed Musteatbrain's ghost (experienced HOFi)
  6625 | D:8      | Reached skill level 11 in Dodging
  6630 | D:8      | Identified the Guide on the Feathery Frostbite
  6634 | D:8      | Learned a level 2 spell: Ensorcelled Hibernation
  6883 | D:8      | Received a gift from Nemelex Xobeh
  6907 | D:8      | Killed Musteatbrain's ghost
  6907 | D:8      | Reached skill level 1 in Hexes
  6907 | D:8      | Reached skill level 1 in Ice Magic
  6907 | D:8      | Reached XP level 10. HP: 34/49 MP: 8/26
  7001 | D:9      | Noticed Duvessa
  7001 | D:9      | Noticed Dowan
  7004 | D:9      | Drew Focus: Int increased to 21, Str decreased to 3
  7005 | D:9      | Noticed Dowan
  7005 | D:9      | Dowan changed into Dowan the ooze
  7005 | D:9      | Noticed Duvessa
  7005 | D:9      | Duvessa changed into Duvessa the sheep
  7011 | D:9      | Killed Dowan the ooze
  7020 | D:9      | Noticed Edmund
  7045 | D:9      | Killed Duvessa the sheep
  7050 | D:9      | Killed Edmund
  7078 | D:9      | Found a glowing golden altar of the Shining One.
  7484 | D:9      | Noticed Peloso's ghost (powerful MiFi)
  7543 | D:9      | Killed Peloso's ghost
  7648 | D:9      | Noticed Psyche
  7649 | D:9      | Noticed Psyche
  7649 | D:9      | Psyche changed into Psyche the soldier ant
  7666 | D:9      | Killed Psyche the soldier ant
  7666 | D:9      | Reached skill level 12 in Dodging
  7797 | D:10     | Entered Level 10 of the Dungeon
  7797 | D:10     | Found a flagged portal.
  7860 | D:10     | Found a staircase to the Orcish Mines.
  7862 | D:10     | Acquired Nemelex Xobeh's first power
  7943 | D:10     | Reached skill level 10 in Evocations
  8011 | D:10     | Noticed a hill giant
  8130 | D:10     | Killed a hill giant
  8251 | Bailey   | Entered a bailey
  8590 | Bailey   | Reached skill level 13 in Dodging
  8637 | Bailey   | Noticed an orc knight
  8649 | Bailey   | Gained mutation: Your spells are a little easier to cast, but a little less powerful. [potion of mutation]
  8649 | Bailey   | Gained mutation: You are agile. (Dex +2) [potion of mutation]
  8649 | Bailey   | Lost mutation: You are agile. (Dex +2) [potion of mutation]
  8922 | Bailey   | Killed an orc knight
  8922 | Bailey   | Reached XP level 11. HP: 36/53 MP: 1/28
  9006 | Bailey   | Noticed an orc knight
  9007 | Bailey   | Noticed an orc warlord
  9037 | Bailey   | Noticed an orc knight
  9091 | Bailey   | Killed an orc knight
  9131 | Bailey   | Noticed an orc knight
  9207 | Bailey   | Mangled by an orc knight

Action                   |  1- 3 |  4- 6 |  7- 9 | 10-12 || total
-------------------------+-------+-------+-------+-------++-------
Melee: Short sword       |    73 |   120 |    47 |       ||   240
       Rapier            |       |       |   108 |    20 ||   128
       Flail             |       |       |       |   117 ||   117
 Fire: Blowgun           |       |       |     7 |    17 ||    24
       Shortbow          |       |       |       |    96 ||    96
 Cast: Shock             |    81 |   157 |   144 |    59 ||   441
       Static Discharge  |       |       |    22 |    61 ||    83
       Repel Missiles    |       |       |     1 |       ||     1
       Ensorcelled Hiber |       |       |       |     6 ||     6
Evoke: Deck              |       |     4 |    29 |    10 ||    43
       Wand              |       |       |    20 |    30 ||    50
  Use: Scroll            |       |     8 |     5 |     5 ||    18
       Potion            |       |       |     1 |     3 ||     4
 Stab: Sleeping          |     3 |     2 |    12 |     3 ||    20
       Paralysed         |       |       |     2 |       ||     2
       Invisible         |       |       |     2 |       ||     2
  Eat: Royal jelly       |       |     1 |       |     1 ||     2
       Bread ration      |       |       |     1 |     1 ||     2
